Map: Cactus Valley LE (Void)

Players

Bop

  • Race: Zerg Zerg

Bones - Winner!

  • Race: Protoss Protoss

VOD

Have the link to the VOD?

Description

Time

  • Played on: May 1, 2015, 3:10 a.m.
  • Length: 18:02
Show
View Real Time Build Order
Export as new Build Order

Bop Zerg 

Build Orders: Hatch First, Lurkers 

Get SALT Encoding   

  12  0:01  Drone  
  13  0:08  Drone  
  14  0:34  Hatchery  
  13  0:39  Drone  
  14  0:56  Spawning Pool  
  13  0:57  Drone  
  14  1:07  Drone, Extractor  
  14  1:12  Overlord  
  14  1:20  Drone, Extractor  
  15  1:31  Drone x2  
  17  1:41  Drone  
  17  1:42  Queen  
  20  1:49  Zergling x2  
  21  1:57  Queen  
  21  2:01  Drone  
  24  2:08  Metabolic Boost  
  24  2:12  Drone  
  25  2:24  Overlord  
  25  2:29  Drone x2  
  27  2:32  Drone  
  28  2:49  Drone x4  
  32  2:58  Zergling x8  
  33  2:59  Overlord  
  33  3:04  Overlord  
  36  3:21  Zergling x6  
  36  3:26  Overlord  
  39  3:32  Drone x5  
  43  3:36  Overlord  
  43  3:42  Drone  
  43  3:48  Drone  
  44  3:56  Drone x2  
  44  4:02  Lair  
  46  4:03  Drone  
  46  4:06  Hatchery  
  46  4:15  Drone x6  
  52  4:18  Extractor  
  52  4:20  Extractor  
  52  4:22  Overlord x2  
  50  4:25  Drone  
  51  4:34  Drone  
  51  4:37  Roach Warren  
  51  4:38  Evolution Chamber, Drone  
  51  4:39  Drone  
  52  4:48  Spore Crawler  
  52  4:49  Drone x2  
  52  4:50  Spore Crawler  
  52  4:51  Drone  
  53  4:55  Spore Crawler  
  52  5:00  Burrow  
  52  5:10  Drone x4, Spore Crawler  
  55  5:16  Glial Reconstitution  
  55  5:22  Spore Crawler  
  55  5:25  Queen  
  56  5:29  Extractor  
  56  5:32  Drone x3  
  56  5:33  Drone x2  
  60  5:36  Spore Crawler  
  60  5:37  Drone x2  
  60  5:38  Drone  
  62  5:43  Zerg Missile Weapons Level 1  
  62  5:48  Drone x4  
  66  5:51  Overlord  
  66  5:58  Drone x4  
  70  6:11  Roach  
  70  6:12  Roach x5  
  70  6:15  Overlord  
  80  6:26  Roach x5  
  90  6:34  Overlord, Extractor  
  90  6:35  Overlord  
  89  6:42  Ravager x4  
  89  6:43  Zergling x2  
  89  6:44  Zergling x8  
  89  6:45  Overlord x2  
  97  7:01  Roach x5  
  104  7:04  Drone x3  
  107  7:15  Ravager  
  107  7:16  Drone x4  
  107  7:17  Drone x2  
  107  7:18  Extractor x2  
  107  7:22  Drone x3  
  114  7:23  Drone x3  
  114  7:24  Zergling x6  
  114  7:27  Ravager  
  121  7:45  Ravager x2  
  121  7:46  Zergling x12  
  121  7:48  Hatchery, Overlord  
  128  7:57  Overlord x3  
  122  8:18  Roach x11  
  138  8:27  Overlord, Hydralisk Den  
  137  8:42  Zerg Missile Weapons Level 2  
  137  8:45  Ravager  
  137  8:46  Ravager x4  
  137  8:47  Zergling x14  
  149  8:52  Hatchery  
  148  8:56  Hatchery  
  148  8:57  Hydralisk x4  
  148  9:02  Zergling x2  
  156  9:03  Zergling x18  
  165  9:11  Zergling x8  
  167  9:18  Hydralisk  
  167  9:22  Muscular Augments  
  167  9:24  Extractor  
  165  9:26  Extractor  
  165  9:29  Hydralisk x3  
  165  9:30  Hydralisk  
  166  9:34  Hydralisk x3  
  172  9:43  Spore Crawler  
  172  9:44  Spore Crawler  
  169  9:45  Spore Crawler  
  169  9:52  Hydralisk  
  159  9:53  Hydralisk x5  
  162  10:02  Queen  
  160  10:07  Hydralisk  
  160  10:08  Hydralisk x4  
  140  10:24  Lurker Den  
  140  10:26  Zergling x4  
  140  10:27  Zergling x20  
  147  10:41  Drone x10  
  157  10:45  Roach  
  159  10:52  Roach  
  159  10:55  Overlord  
  159  10:56  Overlord  
  159  11:03  Roach x7  
  173  11:10  Infestation Pit  
  172  11:14  Overlord  
  169  11:26  Ravager  
  169  11:27  Ravager x7  
  177  11:38  Drone  
  177  11:39  Drone x2  
  180  11:47  Hive  
  180  11:52  Hatchery  
  175  11:56  Roach x8  
  188  12:06  Drone x9  
  184  12:12  Lurker x2  
  184  12:13  Lurker x4  
  187  12:35  Overseer  
  187  12:36  Overseer  
  174  12:48  Ravager  
  174  12:49  Ravager x8  
  183  12:57  Ravager x2  
  185  12:59  Drone x6  
  185  13:00  Drone x4  
  195  13:07  Viper  
  195  13:17  Extractor  
  190  13:20  Extractor  
  190  13:25  Pneumatized Carapace  
  186  13:27  Zergling x2  
  186  13:28  Zergling x8  
  186  13:30  Drone x6  
  182  13:48  Ravager  
  182  13:49  Ravager x6  
  182  13:50  Roach  
  182  13:51  Roach x2  
  182  13:53  Spine Crawler  
  182  13:54  Spine Crawler x2  
  182  13:55  Drone x8, Spore Crawler  
  194  13:56  Spore Crawler  
  187  14:13  Drone x4, Hydralisk  
  187  14:14  Hydralisk x8  
  167  14:36  Drone x17  
  167  14:37  Viper x2  
  171  14:45  Roach x6  
  178  14:46  Roach  
  177  14:54  Spine Crawler x2  
  177  14:55  Spine Crawler  
  177  14:57  Spine Crawler  
  173  15:04  Roach x9  
  188  15:07  Drone x2  
  188  15:10  Ravager  
  188  15:11  Ravager x2  
  192  15:23  Spine Crawler  
  192  15:24  Ravager x2  
  192  15:25  Ravager, Spine Crawler  
  189  15:55  Drone x5  
  194  16:05  Hatchery  
  194  16:06  Viper x2  
  175  16:42  Ravager x7  
  175  16:44  Zergling x14  
  175  16:45  Zergling x8  
  135  16:54  Hydralisk  
  135  16:55  Hydralisk x3  
  125  17:09  Hydralisk x2  
  125  17:14  Overlord  
Show
View Real Time Build Order
Export as new Build Order

Bones Protoss - Winner!

Build Orders: Nexus First 

Get SALT Encoding   

  12  0:00  Probe  
  13  0:15  Probe  
  14  0:46  Nexus  
  14  0:51  Pylon  
  14  1:10  Probe (Chrono Boost)  
  15  1:13  Gateway  
  15  1:20  Probe (Chrono Boost)  
  16  1:28  Probe (Chrono Boost)  
  16  1:32  Assimilator x2  
  17  1:37  Probe (Chrono Boost)  
  18  1:45  Probe (Chrono Boost)  
  19  1:53  Probe (Chrono Boost)  
  20  2:01  Probe  
  21  2:02  Probe  
  22  2:10  Cybernetics Core  
  22  2:14  Probe (Chrono Boost), Zealot  
  26  2:18  Probe (Chrono Boost)  
  26  2:24  Probe (Chrono Boost)  
  26  2:27  Probe (Chrono Boost)  
  28  2:31  Probe (Chrono Boost)  
  29  2:39  Pylon  
  29  2:43  Probe x2 (Chrono Boost)  
  31  2:48  Adept (Chrono Boost), Warp Gate  
  33  2:53  Mothership Core (Chrono Boost)  
  33  2:54  Probe (Chrono Boost)  
  36  3:06  Assimilator  
  36  3:07  Assimilator  
  36  3:11  Probe (Chrono Boost)  
  36  3:12  Probe (Chrono Boost)  
  38  3:13  Pylon  
  38  3:18  Stalker  
  38  3:19  Probe (Chrono Boost)  
  42  3:29  Probe (Chrono Boost)  
  42  3:31  Probe (Chrono Boost)  
  41  3:37  Probe x2 (Chrono Boost)  
  43  3:41  Stargate  
  43  3:43  Stargate  
  43  3:55  Adept  
  45  3:56  Probe  
  45  3:57  Probe  
  45  3:59  Pylon  
  47  4:08  Probe (Chrono Boost)  
  49  4:10  Probe (Chrono Boost)  
  49  4:12  Pylon  
  49  4:20  Probe (Chrono Boost)  
  49  4:22  Probe (Chrono Boost)  
  51  4:26  Oracle x2 (Chrono Boost)  
  51  4:30  Probe (Chrono Boost)  
  51  4:31  Probe (Chrono Boost)  
  59  4:45  Gateway  
  59  4:46  Gateway  
  59  4:47  Forge  
  59  4:49  Pylon  
  59  4:53  Probe x2  
  59  4:55  Sentry  
  63  5:01  Void Ray (Chrono Boost)  
  71  5:14  Void Ray (Chrono Boost)  
  71  5:22  Probe  
  71  5:23  Probe, Pylon  
  73  5:32  Protoss Shields Level 1 (Chrono Boost)  
  73  5:33  Pylon  
  73  5:41  Pylon  
  77  5:48  Void Ray (Chrono Boost)  
  77  5:49  Void Ray (Chrono Boost)  
  81  5:51  Probe x2  
  81  5:53  Pylon  
  83  6:01  Sentry  
  83  6:02  Photon Cannon  
  85  6:12  Probe x2  
  87  6:24  Probe  
  87  6:25  Probe  
  89  6:42  Fleet Beacon, Adept x3  
  89  6:44  Pylon  
  89  6:45  Pylon  
  95  7:01  Void Ray x2 (Chrono Boost)  
  103  7:09  Photon Cannon  
  103  7:13  Photon Cannon  
  103  7:15  Carrier (Chrono Boost)  
  103  7:16  Carrier (Chrono Boost)  
  103  7:17  Protoss Air Weapons Level 1 (Chrono Boost)  
  103  7:20  Twilight Council  
  103  7:34  Pylon  
  115  7:43  Nexus  
  115  7:50  Photon Cannon  
  115  7:51  Photon Cannon  
  115  7:56  Photon Cannon  
  115  7:57  Photon Cannon  
  115  8:01  Protoss Shields Level 2 (Chrono Boost)  
  115  8:19  Carrier (Chrono Boost)  
  119  8:30  Carrier (Chrono Boost)  
  119  8:33  Nexus  
  119  8:35  Photon Cannon  
  119  8:36  Pylon  
  119  8:39  Shield Upgrade  
  125  8:52  Pylon  
  125  8:59  Robotics Facility  
  125  9:11  Gateway  
  125  9:16  Gateway, Carrier (Chrono Boost)  
  123  9:18  Photon Cannon  
  123  9:22  Carrier (Chrono Boost)  
  125  10:00  Probe x2  
  125  10:02  Photon Cannon  
  125  10:03  Assimilator  
  127  10:07  Assimilator  
  127  10:08  Warp Prism (Chrono Boost)  
  127  10:13  Carrier (Chrono Boost)  
  123  10:29  Adept x2  
  133  10:37  Observer  
  134  10:51  Protoss Shields Level 3 (Chrono Boost)  
  134  10:58  Carrier (Chrono Boost)  
  134  10:59  Pylon  
  134  11:01  Protoss Air Weapons Level 2 (Chrono Boost)  
  134  11:19  Pylon  
  134  11:22  Graviton Catapult (Chrono Boost), Pylon  
  140  11:27  Nexus  
  140  11:36  Carrier (Chrono Boost)  
  140  11:40  Photon Cannon  
  140  11:41  Photon Cannon  
  140  11:59  Charge  
  146  12:03  Stargate  
  146  12:05  Pylon  
  146  12:12  Assimilator  
  146  12:16  Assimilator  
  138  12:46  Photon Cannon  
  138  12:47  Templar Archives, Photon Cannon x2  
  138  12:49  Pylon  
  138  12:51  Adept  
  138  12:52  Adept x3  
  138  12:57  Gateway  
  146  12:59  Gateway  
  146  13:02  Gateway  
  146  13:04  Gateway, Dark Shrine  
  146  13:14  Probe x4  
  146  13:19  Psionic Storm  
  150  13:25  High Templar  
  150  13:26  High Templar x3  
  156  13:33  Protoss Air Weapons Level 3 (Chrono Boost)  
  156  13:48  Protoss Ground Weapons Level 1 (Chrono Boost)  
  156  14:07  Adept x3  
  156  14:08  Adept x4  
  134  14:31  High Templar x2  
  136  14:38  Carrier (Chrono Boost)  
  130  14:54  Zealot x5  
  142  15:11  Mothership Core (Chrono Boost)  
  140  15:15  Pylon, Oracle (Chrono Boost)  
  140  15:18  Zealot x8  
  159  15:26  Protoss Ground Weapons Level 2 (Chrono Boost)  
  156  15:38  Adept  
  156  15:39  Sentry  
  156  15:41  Adept  
  150  15:56  Oracle (Chrono Boost)  
  143  16:02  Carrier (Chrono Boost)  
  137  16:11  Zealot  
  141  16:28  Zealot  
  141  16:29  Zealot x6  
  139  17:10  Adept, Zealot x3  
  139  17:22  Pylon  
  129  17:23  Adept  
  129  17:24  Adept x7  
  137  17:48  Photon Cannon  
  137  17:50  Photon Cannon  
Tags
 
Add a new tag
Caveats
  • Supply blocks, unpowered buildings, or Contaminate may cause inaccurate times.
  • Supply counts are checked every 10 seconds.